 Dungeon Crawl Stone Soup version 0.17-a0-1719-g1afd5a1 (webtiles) character file.

102 Grim the Conjurer (level 4, 0/27 HPs)
             Began as an Octopode Conjurer on Aug 28, 2015.
             Slain by a kobold (2 damage)
             ... on level 3 of the Dungeon.
             The game lasted 00:06:03 (2192 turns).

Grim the Conjurer (Octopode Conjurer)               Turns: 2192, Time: 00:06:03

Health: 0/27       AC:  1    Str:  7    XL:     4   Next: 77%
Magic:  6/7        EV: 12    Int: 18    God:
Gold:   85         SH:  0    Dex: 12    Spells: 1 memorised, 6 levels left

rFire  . . .     SeeInvis .     (no weapon)
rCold  . . .     Clarity  .     (no shield)
rNeg   . . .     SustAt   .     (helmet restricted)
rPois  .         Gourm    .     (no amulet)
rElec  .         Spirit   .     (no ring)
rCorr  .         Warding  .     (no ring)
rMut   .         Stasis   .     (no ring)
MR     .....                    (no ring)
Stlth  +++.......               (no ring)
                                (no ring)
                                (no ring)
                                (no ring)

@: very slightly contaminated, not resistant to hostile enchantments, fairly
stealthy
A: almost no armour, amphibious, 8 rings, constrict 8, camouflage 1, gelatinous
body 1
a: no special abilities


You were on level 3 of the Dungeon.
You were very hungry.

You visited 1 branch of the dungeon, and saw 3 of its levels.

You collected 85 gold pieces.

Inventory:

Jewellery
 e - an uncursed ring of wizardry {unknown}
Scrolls
 c - a scroll of enchant weapon {unknown}
 g - 2 scrolls of immolation {unknown}
 h - a scroll of remove curse {unknown}
Potions
 f - 2 potions of lignification {unknown}
Books
 a - a book of Conjurations

   Spells                             Type                      Level
   a - Magic Dart                     Conjuration                  1
   b - Searing Ray                    Conjuration                  2
   c - Dazzling Spray                 Conjuration/Hexes            3
   d - Fulminant Prism                Conjuration/Hexes            4
   e - Iskenderun's Mystic Blast      Conjuration                  4
   f - Iskenderun's Battlesphere      Conjuration/Charms           5
Comestibles
 b - 2 bread rations
 d - a meat ration


   Skills:
 - Level 2.0 Dodging
 - Level 2.6 Stealth
 - Level 2.0 Spellcasting
 + Level 6.0 Conjurations


You had 6 spell levels left.
You knew the following spells:

 Your Spells              Type           Power        Failure   Level  Hunger
a - Magic Dart            Conj           ###.         1%          1    #......


Dungeon Overview and Level Annotations

Branches:
Dungeon (3/15)

Altars:
Yredelemnul

Annotations:
D:3 Grim's ghost, average DECj


Innate Abilities, Weirdness & Mutations

You cannot wear most types of armour.
You are amphibious.
You can wear up to eight rings at the same time.
You can use your tentacles to constrict eight enemies at once.
Your skin changes colour to match your surroundings (Stealth).
Your rubbery body absorbs attacks (AC +1).


Message History

The orc is severely wounded.
You constrict the orc, but do no damage.
The orc barely misses you. The kobold hits you.
* * * LOW HITPOINT WARNING * * *
You tentacle-slap the orc but do no damage.
You squeeze the orc, but do no damage.
The orc is severely wounded.
You constrict the orc. The orc hits you.
* * * LOW HITPOINT WARNING * * *
The kobold misses you.
You tentacle-slap the orc but do no damage.
The orc is almost dead.
You constrict the orc, but do no damage.
The orc barely misses you. The kobold barely misses you.
You tentacle-slap the orc but do no damage.
You squeeze the orc, but do no damage.
The orc is almost dead.
You constrict the orc, but do no damage.
The orc barely misses you. The kobold hits you.
You die...

≈≈≈.....)####
≈≈≈.........#
≈≈≈≈..?.....
≈≈≈≈≈≈.....
≈≈≈≈≈≈≈≈.< ≈≈≈≈≈.≈.†
≈§≈≈≈.oK# §§≈≈≈..@#
≈§≈≈≈...# ≈≈≈≈≈...#
#### ## .≈≈≈....#####
#.. . ..≈≈........#
#.# .#
####.##.....###.##.#
## #.....>......#..#
.#
####.....###.#.##..#♣
# #.....# #........


You could see an orc and a kobold.

Vanquished Creatures
  An iguana (D:3)
  An adder (D:2)
  An ooze (D:1)
  3 worms (D:2)
  3 giant geckos
  3 orcs (D:3)
  A ball python (D:1)
  2 giant cockroaches
  5 hobgoblins
  6 jackals
  A quokka (D:2)
  2 bats (D:1)
  A giant newt (D:2)
  7 goblins
  4 kobolds
  6 rats
  A spectral orc (D:2)
48 creatures vanquished.

Vanquished Creatures (others)
  An orc (D:3)
  A giant cockroach (D:3)
  A giant newt (D:3)
3 creatures vanquished.

Grand Total: 51 creatures vanquished

Notes
Turn   | Place    | Note
--------------------------------------------------------------
     0 | D:1      | Grim the Octopode Conjurer began the quest for the Orb.
     0 | D:1      | Reached XP level 1. HP: 11/11 MP: 3/3
   170 | D:1      | Reached XP level 2. HP: 17/17 MP: 0/5
   588 | D:1      | Reached XP level 3. HP: 21/21 MP: 2/6
   688 | D:1      | Reached skill level 5 in Conjurations
  1335 | D:2      | Reached XP level 4. HP: 16/27 MP: 3/7
  1859 | D:2      | Found a basalt altar of Yredelemnul.
  2135 | D:3      | Noticed Grim's ghost (average DECj)
  2178 | D:3      | Reached skill level 6 in Conjurations
  2192 | D:3      | Slain by a kobold

Vault maps used:
D:1:      dpeg_arrival_shelter, hex_tiny
D:2:      yredelemnul_forgotten_temple_becter
D:3:      forest_paths, lemuel_old_faithful

Action                   |  1- 3 |  4- 6 || total
-------------------------+-------+-------++-------
Melee: Unarmed           |    19 |    45 ||    64
 Cast: Magic Dart        |    62 |    22 ||    84
  Eat: Chunk             |     2 |     2 ||     4
